Map: King's Cove LE

Players

SpaceMarine

  • Race: Protoss Protoss
  • League: Diamond
  • Spawn Location: 5:00

SKillous - Winner!

  • Race: Protoss Protoss
  • Spawn Location: 11:00

Event: 2019 WCS Summer

VOD

Have the link to the VOD?

Description

Time

  • Played on: July 12, 2019, 7:54 a.m.
  • Length: 5:30

All games in this series

Show
View Real Time Build Order
Export as new Build Order

SpaceMarine Protoss 

Build Orders:  

Get SALT Encoding   

  12  0:00  Probe  
  13  0:13  Probe  
  14  0:18  Pylon  
  14  0:24  Probe  
  15  0:32  Probe  
  15  0:38  Gateway  
  15  0:40  Probe  
  16  0:47  Assimilator  
  17  0:51  Probe  
  17  0:55  Assimilator  
  18  1:03  Probe  
  19  1:15  Probe  
  19  1:17  Gateway  
  20  1:26  Cybernetics Core  
  20  1:27  Probe  
  21  1:39  Probe  
  22  1:51  Probe, Pylon  
  23  2:07  Warp Gate  
  23  2:09  Stalker x2  
  27  2:39  Adept x2  
  31  2:49  Nexus  
  31  2:54  Robotics Facility  
  31  3:07  Pylon  
  31  3:10  Gateway  
  31  3:19  Shield Battery  
  31  3:27  Shield Battery  
  31  3:28  Probe  
  31  3:33  Warp Prism  
  32  3:40  Probe  
  35  3:54  Probe  
  36  4:02  Probe  
  37  4:06  Probe  
  37  4:07  Stalker x2  
  33  4:37  Stalker  
  33  4:38  Stalker  
  35  5:02  Sentry  
  35  5:03  Sentry x2  
Show
View Real Time Build Order
Export as new Build Order

SKillous Protoss - Winner!

Build Orders: Oracle Opening 

Get SALT Encoding   

  12  0:00  Probe  
  13  0:13  Probe  
  14  0:18  Pylon  
  14  0:24  Probe  
  15  0:32  Probe  
  15  0:39  Gateway  
  15  0:40  Probe  
  16  0:49  Assimilator  
  17  0:51  Probe  
  17  0:56  Assimilator  
  18  1:02  Probe  
  19  1:07  Pylon  
  19  1:10  Probe  
  20  1:19  Probe  
  20  1:20  Gateway  
  21  1:30  Cybernetics Core  
  22  1:32  Probe  
  22  1:40  Pylon  
  22  1:44  Probe  
  23  1:58  Probe  
  23  1:59  Warp Gate  
  24  2:06  Adept  
  24  2:07  Adept  
  28  2:15  Pylon  
  28  2:30  Stargate  
  28  2:36  Adept  
  30  2:37  Adept  
  31  2:59  Shield Battery  
  31  3:03  Oracle  
  31  3:06  Adept  
  31  3:07  Adept  
  36  3:40  Oracle  
  39  3:44  Nexus  
  39  3:48  Pylon  
  39  4:00  Robotics Facility  
  39  4:06  Probe  
  40  4:18  Probe  
  39  4:27  Probe  
  40  4:32  Sentry x2  
  40  4:35  Probe  
  44  4:43  Immortal  
  43  4:53  Shield Battery  
  43  4:56  Shield Battery  
  43  4:57  Shield Battery  
  41  5:06  Stalker  
  43  5:17  Sentry  
  43  5:19  Shield Battery  
  43  5:21  Shield Battery x2  
Tags
 
Add a new tag
Caveats
  • Supply blocks, unpowered buildings, or Contaminate may cause inaccurate times.
  • Supply counts are checked every 10 seconds.